Map: Lerilak Crest

Players

Shamanas

  • Race: Terran Terran

Googleduck - Winner!

  • Race: Terran Terran

VOD

Have the link to the VOD?

Description

Time

  • Played on: May 1, 2015, 1:19 a.m.
  • Length: 8:56
Show
View Real Time Build Order
Export as new Build Order

Shamanas Terran 

Build Orders: Siege Tank Drop 

Get SALT Encoding   

  12  0:01  SCV  
  13  0:13  Supply Depot  
  13  0:19  SCV  
  14  0:31  Refinery  
  14  0:32  SCV  
  15  0:42  Barracks  
  15  0:45  SCV  
  16  0:57  SCV  
  17  1:05  Refinery  
  17  1:09  SCV  
  18  1:21  SCV  
  18  1:24  Supply Depot  
  19  1:34  Orbital Command  
  19  1:48  Factory  
  19  1:54  Marine  
  19  1:59  SCV  
  21  2:12  SCV  
  21  2:14  Marine  
  23  2:38  Command Center  
  23  2:43  SCV  
  24  2:45  Factory Tech Lab, Barracks Reactor  
  24  2:53  Supply Depot  
  24  2:55  SCV  
  25  3:07  Cyclone  
  25  3:08  SCV  
  29  3:20  SCV  
  29  3:23  Marine  
  29  3:24  Starport, Marine  
  32  3:33  Supply Depot, Missile Turret  
  32  3:40  SCV  
  33  3:47  Missile Turret  
  33  3:49  Marine x2  
  35  3:55  Orbital Command  
  35  4:01  SCV  
  36  4:03  Medivac  
  38  4:14  SCV  
  38  4:15  Siege Tank  
  41  4:24  Marine x2  
  41  4:26  SCV  
  41  4:27  SCV  
  45  4:38  SCV  
  46  4:40  Starport Tech Lab  
  46  4:42  Marine x2  
  46  4:43  SCV  
  49  4:47  Siege Tank  
  49  4:50  SCV  
  53  5:02  SCV x2  
  53  5:04  Refinery x2  
  53  5:06  Supply Depot  
  55  5:08  Supply Depot  
  55  5:21  SCV x2  
  57  5:24  Banshee, Cloaking Field  
  57  5:25  Marine x2  
  57  5:27  Siege Tank  
  61  5:42  SCV x2  
  61  5:45  Command Center  
  59  5:53  Marine x2  
  61  5:59  Barracks x2  
  61  6:02  SCV, Engineering Bay x2  
  61  6:03  SCV  
  63  6:10  Siege Tank  
  63  6:11  Banshee  
  69  6:16  SCV  
  69  6:17  Supply Depot  
  70  6:29  Terran Infantry Weapons Level 1  
  70  6:30  Terran Infantry Armor Level 1  
  70  6:34  Armory  
  70  6:42  Marine x2  
  70  6:44  Cyclone  
  70  6:47  Barracks Reactor, Barracks Tech Lab  
  75  6:53  Refinery  
  75  6:56  Fusion Core  
  75  6:57  Refinery  
  75  7:00  Starport  
  72  7:27  Marine x2  
  72  7:28  Marine x3  
  70  7:45  Starport Reactor, Marine x2  
  70  7:46  Banshee  
  62  7:59  SCV  
  62  8:00  Orbital Command  
  63  8:11  SCV x2  
  63  8:12  Barracks  
  65  8:14  Barracks  
  65  8:16  Barracks  
  65  8:17  Barracks  
  65  8:18  Marine x5  
  70  8:22  Medivac x2  
  73  8:35  Marine  
  73  8:36  Marine  
Show
View Real Time Build Order
Export as new Build Order

Googleduck Terran - Winner!

Build Orders:  

Get SALT Encoding   

  12  0:01  SCV  
  13  0:13  Supply Depot  
  13  0:20  SCV  
  14  0:32  SCV  
  15  0:37  Barracks  
  15  0:44  SCV  
  15  0:47  Refinery  
  16  0:56  SCV  
  17  1:08  SCV  
  18  1:24  Orbital Command  
  18  1:26  Marine  
  18  1:29  Supply Depot  
  19  1:46  Marine  
  20  1:50  SCV  
  21  1:55  Factory  
  21  2:02  SCV  
  21  2:04  Marine  
  23  2:27  Command Center  
  23  2:36  SCV  
  24  2:40  Marine  
  25  2:44  Factory Tech Lab  
  25  2:46  Starport  
  25  2:49  SCV, Refinery  
  26  2:57  Marine  
  27  3:04  SCV  
  28  3:15  Marine  
  29  3:34  Supply Depot  
  29  3:37  Supply Depot  
  29  3:39  Cyclone, Barracks  
  29  3:40  Orbital Command  
  32  3:42  Medivac  
  32  3:44  SCV  
  35  3:57  SCV  
  36  4:08  Orbital Command  
  36  4:23  Marine  
  37  4:28  Barracks Tech Lab  
  37  4:35  Cyclone  
  40  4:46  SCV x2  
  40  4:49  Marine  
  43  4:56  Barracks  
  43  4:57  Barracks x2  
  43  5:00  Engineering Bay  
  43  5:17  Barracks Tech Lab  
  41  5:28  SCV x2  
  41  5:34  Barracks Tech Lab  
  42  5:40  SCV  
  42  5:48  Barracks Reactor x2  
  42  5:49  Barracks Reactor  
  41  5:51  SCV  
  41  5:52  SCV  
  41  5:53  Refinery  
  41  5:55  Stimpack  
  41  5:56  Marine x2  
  47  6:01  Supply Depot  
  47  6:02  Supply Depot  
  47  6:03  SCV  
  48  6:04  SCV  
  48  6:08  Siege Tank  
  50  6:15  SCV  
  50  6:17  Terran Infantry Weapons Level 1  
  51  6:29  Medivac  
  51  6:30  Marine x5  
  51  6:31  Marine x2  
  60  6:37  Command Center  
  60  6:38  SCV x2  
  60  6:39  Marine  
  63  6:41  Missile Turret x2  
  63  6:48  Marine  
  63  6:53  SCV  
  63  6:54  SCV  
  66  6:56  Siege Tank  
  66  6:57  Marine x6  
  70  7:34  Marine x8  
  76  7:44  Siege Tank  
  79  7:45  Supply Depot  
  79  7:47  Supply Depot  
  79  7:48  Supply Depot  
  79  7:49  Refinery  
  79  7:51  Marine  
  79  7:52  Orbital Command, Barracks, Marine x4  
  79  7:53  Barracks  
  83  8:09  Marine x4  
  87  8:14  SCV x2  
  87  8:16  Siege Tank  
  87  8:18  Supply Depot  
  87  8:19  Supply Depot, Marine x2  
  93  8:20  Marine x2  
  93  8:22  Missile Turret  
Tags
 
Matchup
TvT
Race
Terran
Replay Pack
Lotv Pack #1
Add a new tag
Caveats
  • Supply blocks, unpowered buildings, or Contaminate may cause inaccurate times.
  • Supply counts are checked every 10 seconds.